Selects Airborne Battlegroup
Construct Weapon Support Center
Mechanized Support Center
Selects Paratrooper Squad Paradrop
Paratrooper Squad Paradrop
Construct Medical Station
Paratrooper Squad Paradrop
Paratrooper Squad Paradrop
Selects Anti-tank Gun Team Paradrop
Selects Paradrop Reinforcements
Paratrooper Squad Paradrop
M16 Multiple Gun Motor Carriage
Designate Forward Repair Station
Selects Carpet Bombing Run